 Dungeon Crawl Stone Soup version 0.29.1-2-gbd0b4ee654 (webtiles) character file.

Game seed: 2170613869746921722

10984 safid the Marksminotaur (level 11, -12/95 HPs)
             Began as a Minotaur Hunter on Nov 4, 2022.
             Was a Priest of Okawaru.
             Mangled by a catoblepas (25 damage)
             ... in a Gauntlet.
             The game lasted 00:39:25 (11910 turns).

safid the Marksminotaur (Minotaur Hunter)          Turns: 11910, Time: 00:39:26

Health: -12/95     AC: 16    Str: 16 (18) XL:     11   Next: 43%
Magic:  0/14       EV: 14    Int:  7 (9)  God:    Okawaru [***...]
Gold:   96         SH:  0    Dex: 35 (37) Spells: 10/10 levels left

rFire   . . .      SeeInvis .   a - +0 shortbow
rCold   . . .      Faith    .   (shield currently unavailable)
rNeg    . . .      Spirit   +   c - +3 ring mail
rPois   +          Reflect  .   (helmet restricted)
rElec   .          Harm     .   s - +1 cloak {rPois}
rCorr   .          Rampage  .   D - +1 pair of gloves of the Elephant {Contam Str+3 Int+4 Dex+3}
Will    .....      NoTele   +   k - +0 pair of boots
Stlth   ++........              f - amulet of guardian spirit
HPRegen 0.25/turn               v - +6 ring of dexterity
MPRegen 0.14/turn               G - +6 ring of dexterity

@: studying Armour, invisible
A: horns 2, retaliatory headbutt, agile 1, sense surroundings 1
a: Renounce Religion, Heroism


You were in a Gauntlet.
You worshipped Okawaru.
Okawaru was most pleased with you.
You visited 3 branches of the dungeon, and saw 11 of its levels.
You also visited: Gauntlet.

You collected 492 gold pieces.
You spent 396 gold pieces at shops.

Inventory:

Hand Weapons
 a - a +0 shortbow (weapon)
Armour
 c - a +3 ring mail (worn)
 k - a +0 pair of boots (worn)
 s - a +1 cloak of poison resistance (worn)
 D - the +1 pair of gloves of the Elephant (worn) {Contam Str+3 Int+4 Dex+3}
   (You bought it in a shop on level 3 of the Dungeon)

   Str:       It affects your strength (+3).
   Int:       It affects your intelligence (+4).
   Dex:       It affects your dexterity (+3).
   Contam:    It causes magical contamination when unequipped.
Jewellery
 f - an amulet of guardian spirit (around neck)
 v - a +6 ring of dexterity (left hand)
 G - a +6 ring of dexterity (right hand)
Wands
 e - a wand of quicksilver (11)
 y - a wand of roots (14)
 A - a wand of mindburst (17)
Scrolls
 b - a scroll of poison
 d - 5 scrolls of teleportation
 j - a scroll of acquirement {unknown}
 o - a scroll of enchant weapon {unknown}
 p - a scroll of enchant armour {unknown}
 q - a scroll of silence {unknown}
 w - a scroll of blinking {unknown}
 F - a scroll of brand weapon {unknown}
Potions
 g - a potion of curing
 h - 2 potions of haste {unknown}
 l - a potion of flight {unknown}
 m - a potion of mutation
 t - a potion of might {unknown}
 x - a potion of magic {unknown}
 z - 2 potions of degeneration
 C - a potion of cancellation


   Skills:
 + Level 8.4 Fighting
 + Level 16.1 Ranged Weapons
 + Level 8.9 Armour
 + Level 3.2 Dodging
 - Level 0.7 Stealth
 + Level 6.5 Invocations


You had 10 spell levels left.
You didn't know any spells.
Your spell library contained the following spells:

 Spells                   Type           Power      Damage    Failure   Level
 Conjure Flame            Conj/Fire      0%         6-21      93%         3
 Anguish                  Hex/Necr       0%         N/A       100%        4
 Fireball                 Conj/Fire      0%         3d3       100%        5


Dungeon Overview and Level Annotations

Branches:
Dungeon (9/15)             Temple (1/1) D:6            Lair (1/5) D:9
Gauntlet (1/1)
    Orc: D:9-12

Altars:
Ashenzari
Cheibriados
Elyvilon
Fedhas
Gozag
Hepliaklqana
Kikubaaqudgha
Makhleb
Nemelex Xobeh
Okawaru
Qazlal
Ru
Sif Muna
Uskayaw
Vehumet
Wu Jian
Xom
Yredelemnul
Zin
The Shining One

Shops:
D:3 [[(   D:7 *   D:8 =

Annotations:
Gauntlet 13 transporters, 5 runed translucent doors


Innate Abilities, Weirdness & Mutations

You have a pair of horns on your head.
You reflexively headbutt those who attack you in melee.
You are agile. (Dex +4, Str/Int -1)
You passively map a small area around you.


Message History

Press: ? - help, Q - select action, (/) - cycle Shift-Dir - straight line, f/p - catoblepas
Aim: a catoblepas (heavily wounded, unable to see you, 93% to hit)
You shoot an arrow. The arrow hits the catoblepas!
The catoblepas is severely wounded.
The catoblepas gores you!
Your limbs are stiffening.
Unknown command.
Fire: a) +0 shortbow
Press: ? - help, Q - select action, (/) - cycle Shift-Dir - straight line, f/p - catoblepas
Aim: a catoblepas (severely wounded, unable to see you, 93% to hit)
You shoot an arrow.
The arrow hits the catoblepas but does no damage.
The catoblepas is severely wounded.
Your limbs have turned to stone.
The shadow imp shouts, "Slither hence, thou frothy beef-witted baggage!"
The catoblepas gores you but does no damage.
You have turned to stone.
The catoblepas gores you but does no damage.
The catoblepas gores you!
The catoblepas breathes a plume of calcifying dust at you.
The blast of calcifying dust hits you but does no damage.
The shadow imp puffs mist at you.
The catoblepas breathes a plume of calcifying dust at you.
The blast of calcifying dust hits you but does no damage.
The catoblepas breathes a plume of calcifying dust at you.
The blast of calcifying dust hits you.
You feel like a meek peon again.
The catoblepas gores you but does no damage.
The catoblepas gores you!!
* * * LOW HITPOINT WARNING * * *
The catoblepas gores you!
* * * LOW HITPOINT WARNING * * *
You turn to flesh and can move again.
Unknown command.
Unknown command.
You fade further into invisibility.
The catoblepas gores you!
* * * LOW HITPOINT WARNING * * *
Unknown command.
You feel better. The catoblepas gores you!!
You die...

#≈...#^.^#...#..#..##.##..
##.8©#####.###©©#.. .©. .©
#§...#.....#©#..#..##.##.[
##...#5#####.#..#.#.#.#.#.
#≈.∩.#5553[.?#..#.##...##.
##§..#########..#......ggx
#§...........#..##########
###..#########..#.........
#≈..#§##@#..#..#.........
##..##.Y##.##..#.§##≈##..
#§..##.#9.###..#.§≈###≈..
##.©#.##©#.©#©.#.§## ##..
#≈..##..##.##..#..≈# #≈..
##..##.#.9######..## ##..
#≈..#.##.#[!#.....§# #≈..
##..#########...§### ###.
#≈.............#§# #≈


You could see a catoblepas (unable to see you), a soul eater, 2 gargoyles and 4
shadow imps.

Vanquished Creatures
  Pikel (D:6)
  An ugly thing (D:9)
  A manticore (D:6)
  A black mamba (Lair:1)
  Joseph (D:8)
  3 cane toads (Lair:1)
  Maggie (D:6)
  A troll (D:6)
  Prince Ribbit (D:8)
  A hornet (D:8)
  Grinder (D:3)
  Sigmund (D:5)
  2 shadows
  A wyvern (D:7)
  Eustachio (D:4)
  6 yaks
  A vampire (D:8)
  3 steam dragons
  2 water moccasins
  8 black bears
  A sky beast (D:7)
  2 orc warriors
  2 ice beasts (D:6)
  2 ogres (D:5)
  3 centaurs
  5 wolves (Lair:1)
  A kobold brigand (D:8)
  2 lemures (D:6)
  10 bullfrogs
  A gnoll sergeant (D:9)
  A necrophage (D:5)
  3 scorpions
  9 wights
  8 killer bees
  2 howler monkeys
  2 hounds
  A jelly (D:6)
  5 orc priests
  2 gnoll boudas
  3 iguanas
  4 orc wizards
  14 gnolls
  8 adders
  A shadow imp (D:7)
  A white imp (D:6)
  4 ufetubi
  2 worms
  4 dart slugs
  62 orcs
  6 endoplasms
  A giant cockroach (D:3)
  6 goblins
  9 hobgoblins
  10 jackals
  6 kobolds
  3 quokkas
  11 ball pythons
  4 bats
  5 frilled lizards
  8 rats
272 creatures vanquished.

Vanquished Creatures (others)
  An orc wizard (D:8)
  An orc (D:8)
  36 fungi (D:9)
  20 plants (D:9)
58 creatures vanquished.

Grand Total: 330 creatures vanquished

Notes
Turn   | Place    | Note
-------+----------+-------------------------------------------
     0 | D:1      | safid the Minotaur Hunter began the quest for the Orb.
     0 | D:1      | Reached XP level 1. HP: 18/18 MP: 0/0
   117 | D:1      | Reached XP level 2. HP: 20/26 MP: 1/1
   880 | D:2      | Reached skill level 5 in Ranged Weapons
   880 | D:2      | Reached XP level 3. HP: 31/31 MP: 2/2
  1434 | D:2      | Reached XP level 4. HP: 40/40 MP: 3/3
  1736 | D:3      | Identified the +9 great sword of Vothrics {protect, rN+
                  | Stlth+}
  1770 | D:3      | Found Gyhyax's Armour Emporium.
  1783 | D:3      | Got the Lectures on the Mortuary Salvo
  1924 | D:3      | Found Heox's Antique Weapon Shoppe.
  2192 | D:3      | Found a sparkling altar of Nemelex Xobeh.
  2262 | D:3      | Noticed Grinder
  2271 | D:3      | Paralysed by Grinder for 5 turns
  2281 | D:3      | Killed Grinder
  2282 | D:3      | Reached skill level 5 in Fighting
  2282 | D:3      | Reached skill level 6 in Ranged Weapons
  2282 | D:3      | Reached XP level 5. HP: 27/50 MP: 2/4
  2282 | D:3      | Reached XP level 6. HP: 31/57 MP: 2/5
  2465 | D:3      | Found Xurchy's Antique Armour Shoppe.
  2886 | D:4      | Reached skill level 7 in Ranged Weapons
  3004 | D:4      | Reached XP level 7. HP: 52/64 MP: 6/6
  3200 | D:4      | Noticed Eustachio
  3208 | D:4      | Killed Eustachio
  3599 | D:5      | Entered Level 5 of the Dungeon
  3625 | D:5      | Reached skill level 8 in Ranged Weapons
  3700 | D:5      | Noticed Sigmund
  3803 | D:5      | Found a shimmering altar of Xom.
  3959 | D:5      | Found a hide-covered altar of Uskayaw.
  3976 | D:5      | Killed Sigmund
  3977 | D:5      | Reached skill level 9 in Ranged Weapons
  3977 | D:5      | Reached XP level 8. HP: 60/74 MP: 5/7
  4338 | D:3      | Bought a pair of ancient gloves for 180 gold pieces
  4338 | D:3      | Identified the +1 pair of gloves of the Elephant {Contam
                  | Str+3 Int+4 Dex+3} (You bought it in a shop on level 3 of
                  | the Dungeon)
  4602 | D:5      | Found a blossoming altar of Fedhas.
  4655 | D:6      | Reached skill level 10 in Ranged Weapons
  4697 | D:6      | Identified the +0 leather armour of Fiufuorph {rElec Int+2}
  4725 | D:6      | Noticed a manticore
  4971 | D:6      | Noticed a troll
  4977 | D:6      | Killed a troll
  5026 | D:6      | Noticed Maggie
  5054 | D:6      | Killed Maggie
  5055 | D:6      | Reached skill level 11 in Ranged Weapons
  5401 | D:6      | Reached XP level 9. HP: 71/81 MP: 6/8
  5550 | D:6      | Reached skill level 1 in Armour
  5571 | D:6      | Reached skill level 12 in Ranged Weapons
  5629 | D:6      | Killed a manticore
  5630 | D:6      | Reached skill level 5 in Armour
  5819 | D:6      | Found a staircase to the Ecumenical Temple.
  5827 | Temple   | Entered the Ecumenical Temple
  6179 | D:6      | Found a glowing silver altar of Zin.
  6468 | D:7      | Noticed Pikel
  6672 | D:7      | Reached skill level 13 in Ranged Weapons
  6878 | D:6      | Killed Pikel
  6879 | D:6      | Reached XP level 10. HP: 41/88 MP: 4/9
  7294 | D:7      | Found Jautanef's Serpentskin Sales.
  7426 | D:7      | Reached skill level 14 in Ranged Weapons
  7729 | D:7      | Found an ancient bone altar of Kikubaaqudgha.
  7959 | D:8      | Found an iron altar of Okawaru.
  7999 | D:8      | Became a worshipper of Warmaster Okawaru
  8291 | D:8      | Found a basalt altar of Yredelemnul.
  8291 | D:8      | Found a glowing golden altar of the Shining One.
  8294 | D:8      | Noticed an angel
  8337 | D:8      | Noticed a profane servitor
  8365 | D:8      | Noticed Joseph
  8522 | D:8      | Killed Joseph
  8522 | D:8      | Reached * piety under Okawaru
  8558 | D:7      | Bought a +1 cloak of poison resistance for 216 gold pieces
  8909 | D:8      | Reached skill level 15 in Ranged Weapons
  9136 | D:8      | Found a shimmering blue altar of Sif Muna.
  9170 | D:8      | Paralysed by a hornet for 2 turns
  9175 | D:8      | Reached skill level 1 in Invocations
  9565 | D:8      | Noticed Prince Ribbit
  9576 | D:8      | Killed Prince Ribbit
  9593 | D:8      | Found Jumef's Jewellery Boutique.
  9876 | D:8      | Reached ** piety under Okawaru
 10437 | D:9      | Reached XP level 11. HP: 92/94 MP: 11/13
 10740 | D:9      | Noticed a cyan ugly thing
 10750 | D:9      | Killed a cyan ugly thing
 10751 | D:9      | Reached skill level 16 in Ranged Weapons
 10751 | D:9      | Reached skill level 5 in Invocations
 10913 | D:9      | Found a staircase to the Lair.
 10918 | D:9      | Reached *** piety under Okawaru
 11105 | D:9      | Found a stormy altar of Qazlal.
 11149 | D:9      | Found an ornate altar of the Wu Jian Council.
 11189 | Lair:1   | Entered Level 1 of the Lair of Beasts
 11356 | Lair:1   | Found a gate leading to a gauntlet.
 11405 | Gauntlet | Entered a Gauntlet
 11405 | Gauntlet | Noticed a soul eater
 11405 | Gauntlet | Found a transporter.
 11405 | Gauntlet | Found a runed translucent door.
 11405 | Gauntlet | Found a transporter.
 11459 | Gauntlet | Found a runed translucent door.
 11469 | Gauntlet | Found a transporter.
 11484 | Gauntlet | Found a runed translucent door.
 11487 | Gauntlet | Found a transporter.
 11487 | Gauntlet | Found a transporter.
 11489 | Gauntlet | Found a transporter.
 11489 | Gauntlet | Found a transporter.
 11491 | Gauntlet | Noticed a blizzard demon
 11491 | Gauntlet | Noticed a great orb of eyes
 11501 | Gauntlet | Found a transporter.
 11515 | Gauntlet | Noticed a brown ugly thing
 11517 | Gauntlet | Found a transporter.
 11524 | Gauntlet | Noticed a catoblepas
 11526 | Gauntlet | Found a runed translucent door.
 11527 | Gauntlet | Found a transporter.
 11528 | Gauntlet | Found a runed translucent door.
 11541 | Gauntlet | Found a transporter.
 11561 | Gauntlet | Found a transporter.
 11561 | Gauntlet | Found a transporter.
 11571 | Gauntlet | Noticed a catoblepas
 11577 | Gauntlet | Found a transporter.
 11896 | Gauntlet | Gained mutation: You passively map a small area around you.
                  | [potion of mutation]
 11896 | Gauntlet | Gained mutation: You are agile. (Dex +4, Str/Int -1)
                  | [potion of mutation]
 11910 | Gauntlet | Mangled by a catoblepas

Illustrated notes

Levels and vault maps discovered:
D:1:      saegor_arrival_simple_e, layout_loops_ring, dk_noncrumbling_4
D:2:      layout_loops_corners
D:3:      layout_loops_ring, mainiacjoe_overflow_brackets, serial_shops,
          nicolae_shop_crystal, shop_fountains, nicolae_shop_hallway_stairs,
          uniq_grinder
D:4:      layout_loops_ring, wad_orctagon, uniq_eustachio
D:5:      layout_loops_ring, mainiacjoe_overflow_cross_hatched, kennysheep_mini,
          mainiacjoe_overflow_paths, uniq_sigmund
D:6:      layout_basic, lemuel_doored_altar, minmay_temple_entry_grid,
          minmay_manual_monstrance, uniq_maggie
D:7:      layout_basic, nicolae_overflow_crystal_walls, guppyfry_shop_venom,
          uniq_pikel
D:8:      layout_loops_ring, mainiacjoe_overflow_chevrons,
          grunt_temple_overflow_holy_war, lemuel_blue_sif_altar, serial_shops,
          shop, special_room [special_room_orc], uniq_prince_ribbit1,
          uniq_joseph
D:9:      layout_rooms, grunt_qazlal_sundering,
          pdpol_wu_jian_five_deadly_venoms, due_lair_maze_entry_diamond
Temple:   hellmonk_temple_two_chambers
Lair:1:   minmay_guarded_unrand_snakebite, layout_chaotic_city,
          gauntlet_entry_generic, patterned_corridor,
          infiniplex_staircase_pool_2
Gauntlet: gammafunk_gauntlet_mixed_choke_point
          [minmay_gauntlet_arena_77_shame_cube, minmay_gauntlet_arena_77_path,
          minmay_gauntlet_arena_77_tiled_triplets,
          gammafunk_gauntlet_arena_corners,
          minmay_gauntlet_arena_77_broken_ladder,
          minmay_gauntlet_arena_77_squiggly, minmay_gauntlet_arena_77_cramped,
          gauntlet_exit_watery]

Skill      XL: |  1  2  3  4  5  6  7  8  9 10 11 |
---------------+----------------------------------+-----
Fighting       | 3 4 5 6 8 |  8.4
Ranged Weapons | 5 6 7 9 11 13 15 16 | 16.1
Armour         | 8 |  8.9
Invocations    | 4 6 |  6.5
Dodging        | 3 |  3.2
Stealth        | |  0.7

Action                   |  1- 3 |  4- 6 |  7- 9 | 10-12 || total
-------------------------+-------+-------+-------+-------++-------
 Fire: Shortbow          |   103 |   154 |   325 |   511 ||  1093
Invok: Heroism           |       |       |       |     2 ||     2
  Use: Scroll            |       |       |     8 |     5 ||    13
       Potion            |       |       |     1 |     8 ||     9
Armor: Leather armour    |    13 |    13 |     5 |       ||    31
       Ring mail         |       |       |    53 |   140 ||   193
Dodge: Dodged            |    24 |    35 |   124 |   193 ||   376
